 Dungeon Crawl Stone Soup version 0.28.0-43-g3370ac3207 (webtiles) character file.

Game seed: 952086958729749007

5571 Cykl0x the Geomancer (level 10, -1/54 HPs)
             Began as a Gargoyle Earth Elementalist on Mar 5, 2022.
             Was a Follower of Vehumet.
             Killed from afar by Harold (17 damage)
             ... with a harpoon shot
             ... on level 7 of the Dungeon.
             The game lasted 00:14:56 (9125 turns).

Cykl0x the Geomancer (Gargoyle Earth Elementalist)  Turns: 9125, Time: 00:14:56

Health: -1/54      AC: 17    Str: 11    XL:     10   Next: 72%
Magic:  20/22      EV: 10    Int: 21    God:    Vehumet [*.....]
Gold:   242        SH:  3    Dex: 10    Spells: 21/26 levels left

rFire   + . .      SeeInvis .   w - +0 dagger (venom)
rCold   . . .      Faith    .   e - +0 buckler
rNeg    + . .      Spirit   .   m - +1 ring mail
rPois   ∞          Reflect  .   (no helmet)
rElec   +          Harm     .   (no cloak)
rCorr   +          Rampage  .   a - +1 pair of gloves
Will    .....                   y - +0 pair of boots
Stlth   +.........              (no amulet)
HPRegen 0.18/turn               x - ring of resist corrosion
MPRegen 0.18/turn               C - ring of protection from fire

@: about to teleport, marked
A: sickness immunity, AC +7, negative energy resistance 1, electricity
resistance, torment resistance 1, petrification resistance
a: Renounce Religion


You were on level 7 of the Dungeon.
You worshipped Vehumet.
Vehumet was aware of your devotion.
You visited 2 branches of the dungeon, and saw 8 of its levels.
You also visited: Bailey.

You collected 242 gold pieces.

Inventory:

Hand Weapons
 d - a +0 dagger
 g - a +3 dagger of draining
 v - a +1 short sword of holy wrath
 w - a +0 dagger of venom (weapon)
Missiles
 c - 136 stones
Armour
 a - a +1 pair of gloves (worn)
 b - a +0 robe
 e - a +0 buckler (worn)
 m - a +1 ring mail (worn)
 n - a +0 scale mail
 y - a +0 pair of boots (worn)
 A - the +2 chain mail of Ecrukez {rN+ Regen+}
   (You found it in a bailey)

   rN:        It protects you from negative energy.
   Regen:     It increases your rate of health regeneration.
Jewellery
 x - a ring of resist corrosion (left hand)
 C - a ring of protection from fire (right hand)
 E - a ring of fire
Wands
 j - a wand of iceblast (8)
 s - a wand of mindburst (7)
 u - a wand of paralysis (10)
 B - a wand of acid (23)
Scrolls
 r - 7 scrolls of teleportation
 z - 2 scrolls of fear
Potions
 f - 4 potions of berserk rage
 h - a potion of cancellation
 i - a potion of brilliance
 k - a potion of magic
 l - 2 potions of lignification
 o - 2 potions of might
 p - a potion of heal wounds
 q - a potion of invisibility
 t - a potion of resistance {unknown}


   Skills:
 + Level 2.3 Fighting
 + Level 1.3 Short Blades
 + Level 4.7 Armour
 + Level 3.0 Dodging
 - Level 2.1 Stealth
 + Level 1.1 Shields
 + Level 8.7 Spellcasting
 + Level 7.9 Conjurations
 - Level 0.7 Transmutations
 + Level 10.3 Earth Magic
 + Level 0.3 Evocations


You had 21 spell levels left.
You knew the following spells:

 Your Spells              Type           Power      Damage    Failure   Level
a - Sandblast             Erth           100%       2d20      1%          1
b - Stone Arrow           Conj/Erth      94%        3d12      1%          3
c - Magic Dart            Conj           100%       1d8       1%          1

Your spell library contained the following spells:

 Spells                   Type           Power      Damage    Failure   Level
 Shock                    Conj/Air       100%       1d9       4%          1
 Searing Ray              Conj           84%        2d7       1%          2
 Passwall                 Tmut/Erth      26%        N/A       3%          2
 Beastly Appendage        Tmut           24%        N/A       17%         1
 Slow                     Hex            36%        N/A       22%         1
 Petrify                  Tmut/Erth      32%        N/A       22%         4
 Wereblood                Tmut           12%        N/A       26%         2
 Animate Armour           Summ/Erth      60%        N/A       26%         4
 Fulminant Prism          Conj/Hex       12%        3d9       41%         4
 Spider Form              Tmut/Pois      10%        N/A       50%         3
 Confusing Touch          Hex            9%         N/A       54%         3
 Vampiric Draining        Necr           9%         2d6       54%         3
 Lehudib's Crystal Spear  Conj/Erth      23%        10d7      100%        8


Dungeon Overview and Level Annotations

Branches:
Dungeon (7/15)             Temple (1/1) D:6          Bailey (visited)

Altars:
Ashenzari
Cheibriados
Elyvilon
Fedhas
Gozag
Hepliaklqana
Makhleb
Okawaru
Sif Muna
Trog
Vehumet
Wu Jian
Xom
Yredelemnul
Zin

Annotations:
D:7 Harold


Innate Abilities, Weirdness & Mutations

You are immune to sickness and miasma.
Your stone body is resilient. (AC +7)
You are immune to poison.
You resist negative energy. (rN+)
You are resistant to electric shocks. (rElec)
You are resistant to unholy torment.
You are immune to petrification.


Message History

The boulder beetle curls into a ball and begins rolling!
Okay, then.
Found a dagger.
The stone arrow hits the boulder beetle!!
The boulder beetle is moderately wounded.
You hear a shout!
Harold the Weathered comes into view.
He is wielding a +0 halberd.
You hit the boulder beetle but do no damage.
The boulder beetle is poisoned.
The boulder beetle is moderately wounded.
The boulder beetle closely misses you.
The boulder beetle stops rolling and uncurls.
You hit the boulder beetle but do no damage.
The boulder beetle looks as sick as possible!
The boulder beetle is moderately wounded.
The boulder beetle bites you!
Harold points at you and mumbles some strange words.
A sentinel's mark forms upon you.
You hit the boulder beetle but do no damage.
The boulder beetle looks as sick as possible!
The boulder beetle is moderately wounded.
The boulder beetle completely misses you.
Harold fires a harpoon shot at you. The harpoon shot hits you!
You are yanked forward by the harpoon shot.
You hit the boulder beetle but do no damage.
The boulder beetle looks as sick as possible!
The boulder beetle is moderately wounded.
The boulder beetle bites you! Harold hits you with a +0 halberd.
* * * LOW HITPOINT WARNING * * *
As you read the scroll of teleportation, it crumbles to dust.
You feel strangely unstable.
The boulder beetle leaps!
Harold points at you and mumbles some strange words.
The mark upon you grows brighter.
Harold says, "Let's make it quick, okay?
I've got mouths to feed."
Harold barely misses you.
The boulder beetle curls into a ball and begins rolling!
Harold fires a harpoon shot at you. The harpoon shot hits you!
You die...

*,,,,,,,,,,...,##...,,...#,,,,,*
**,,,,,,,,,,*#.##....,##..#***,,*
,,,,,,,,,,,**#..#...#*#...#*##,,#
,,,,,,,,,,,,,.....#.#_+...##.#...
,,,,,,,,**,,,,,#..#.###..........
,,,,,,,,,,,,,,*##@..#.B.##.#..#..
,,**,,,,,,,*,,,#........##.####..
,,,*,,,,,,**,,##............# *..
*,,,,,,,,,,**,#.@...#####...####.
**,,,,,,,,*#........#*###.....#..
*,,,,,,,............##..........
*,,*****#.).....................
**,,,,**,###............)).......
***,,>,*,,...#..##.....))†.......
*,**,,,,,##.##..#........##.##...
,,,***,,,*..,...........#####..#.
,,,,,,,,,,*,**,,........# #.....


You could see a boulder beetle (rolling, extremely poisoned) and Harold.

Vanquished Creatures
  2 vault guards (Bailey)
  Pikel (D:5)
  Prince Ribbit (D:5)
  A blink frog (Bailey)
  7 humans (Bailey)
  2 steam dragons
  Duvessa (D:5)
  An ice beast (D:6)
  2 black bears
  2 ogres (D:4)
  A lemure (D:5)
  10 bullfrogs
  2 scorpions (D:6)
  A water moccasin zombie (D:5)
  Dowan (D:5)
  4 killer bees (D:7)
  2 bullfrog zombies
  A centaur zombie (D:5)
  2 jellies
  5 hounds
  An orc priest (D:3)
  Ijyb (D:3)
  6 orc wizards
  A hound skeleton (D:4)
  4 gnolls
  7 adders
  A shadow imp (D:5)
  A white imp (D:6)
  A worm (D:4)
  A dart slug (D:5)
  15 orcs
  5 bats
  3 endoplasms
  4 giant cockroaches
  9 goblins
  8 hobgoblins
  2 quokkas
  5 ball pythons
  5 frilled lizards
  11 kobolds
  5 rats (D:2)
  A spectral orc (D:6)
146 creatures vanquished.

Notes
Turn   | Place    | Note
-------+----------+-------------------------------------------
     0 | D:1      | Cykl0x the Gargoyle Earth Elementalist began the quest for
                  | the Orb.
     0 | D:1      | Reached XP level 1. HP: 10/10 MP: 3/3
   290 | D:1      | Reached skill level 4 in Earth Magic
   290 | D:1      | Reached XP level 2. HP: 15/15 MP: 0/5
  1004 | D:2      | Found a faded altar of an unknown god.
  1035 | D:2      | Reached skill level 1 in Conjurations
  1094 | D:2      | Reached XP level 3. HP: 19/19 MP: 3/6
  1144 | D:2      | Learned a level 3 spell: Stone Arrow
  1828 | D:3      | Noticed Ijyb
  1843 | D:3      | Killed Ijyb
  1844 | D:3      | Reached XP level 4. HP: 21/24 MP: 0/8
  2075 | D:3      | Reached skill level 5 in Earth Magic
  2583 | D:3      | Reached XP level 5. HP: 28/28 MP: 5/9
  3205 | D:4      | Noticed an ogre
  3209 | D:4      | Reached XP level 6. HP: 28/32 MP: 5/11
  3320 | D:4      | Reached skill level 6 in Earth Magic
  3612 | D:4      | Reached XP level 7. HP: 36/36 MP: 6/13
  4470 | D:4      | Identified a scroll of acquirement
  4470 | D:4      | Acquired a book of Armaments
  4491 | D:5      | Entered Level 5 of the Dungeon
  5065 | D:5      | Noticed Pikel
  5065 | D:5      | Noticed a steam dragon
  5107 | D:5      | Killed Pikel
  5108 | D:5      | Reached skill level 5 in Spellcasting
  5108 | D:5      | Reached skill level 5 in Conjurations
  5108 | D:5      | Reached skill level 7 in Earth Magic
  5108 | D:5      | Reached XP level 8. HP: 18/42 MP: 1/15
  5537 | D:5      | Found a burning altar of Makhleb.
  5541 | D:5      | Noticed Dowan
  5542 | D:5      | Noticed Duvessa
  5558 | D:5      | Killed Duvessa
  5570 | D:5      | Killed Dowan
  5695 | D:5      | Reached skill level 1 in Armour
  6037 | D:5      | Noticed Prince Ribbit
  6041 | D:5      | Killed Prince Ribbit
  6042 | D:5      | Reached skill level 8 in Earth Magic
  6042 | D:5      | Reached XP level 9. HP: 46/46 MP: 11/18
  6452 | D:6      | Found a staircase to the Ecumenical Temple.
  6461 | Temple   | Entered the Ecumenical Temple
  6509 | Temple   | Became a worshipper of Vehumet
  6714 | D:6      | Learned a level 1 spell: Magic Dart
  6799 | D:6      | Found a basalt altar of Yredelemnul.
  7605 | D:7      | Found a flagged portal.
  7613 | Bailey   | Entered a bailey
  7985 | Bailey   | Reached skill level 1 in Short Blades
  8039 | Bailey   | Reached skill level 9 in Earth Magic
  8066 | Bailey   | Reached skill level 1 in Fighting
  8090 | Bailey   | Reached XP level 10. HP: 34/53 MP: 0/21
  8227 | Bailey   | Noticed a vault guard
  8243 | Bailey   | HP: 2/53 [vault guard/+0 broad axe (20)]
  8264 | Bailey   | HP: 2/53 [vault guard/+0 broad axe (6)]
  8269 | Bailey   | Killed a vault guard
  8269 | Bailey   | Reached * piety under Vehumet
  8269 | Bailey   | Offered knowledge of Shock by Vehumet.
  8297 | Bailey   | Identified the +2 chain mail of Ecrukez {rN+ Regen+}
  8480 | Bailey   | Noticed a vault guard
  8493 | Bailey   | Killed a vault guard
  8494 | Bailey   | Reached skill level 1 in Shields
  8505 | Bailey   | Reached skill level 10 in Earth Magic
  9113 | D:7      | Noticed a boulder beetle
  9117 | D:7      | Noticed Harold
  9125 | D:7      | Killed from afar by Harold

Illustrated notes

Levels and vault maps discovered:
D:1:      ncdulo_halloftheorcs, layout_loops_ring
D:2:      layout_rooms, ebering_ecumenical_altar_rust
D:3:      layout_basic, uniq_ijyb
D:4:      layout_layer_cave, minmay_bent
D:5:      layout_basic, mainiacjoe_overflow_surrounded_room,
          minmay_splitting_lines, uniq_duvessa, uniq_pikel, uniq_prince_ribbit1
D:6:      layout_loops_cross, yredelemnul_forgotten_temple_becter,
          minmay_temple_entry_grid
D:7:      layout_cave_pools, kennysheep_mini, enter_bailey_1,
          nrook_mini_backslash, grunt_ministairs_6, uniq_harold
Temple:   mainiacjoe_temple_coin_purse

Skill      XL: |  1  2  3  4  5  6  7  8  9 10 |
---------------+-------------------------------+-----
Earth Magic    | 4 5 6 7 8 9 10 | 10.3
Conjurations   | 1 2 3 5 6 7 |  7.9
Spellcasting   | 3 4 5 6 7 8 |  8.7
Dodging        | 2 3 |  3.0
Armour         | 1 3 4 |  4.7
Short Blades   | 1 |  1.3
Fighting       | 1 2 |  2.3
Shields        | 1 |  1.1
Stealth        | |  2.1
Transmutations | |  0.7
Evocations     | |  0.3

Action                   |  1- 3 |  4- 6 |  7- 9 | 10-12 || total
-------------------------+-------+-------+-------+-------++-------
Melee: Dagger            |     9 |    37 |    42 |    48 ||   136
 Cast: Sandblast         |    36 |    29 |    16 |    10 ||    91
       Stone Arrow       |    11 |    19 |    93 |    32 ||   155
Evoke: Wand              |       |       |     1 |     2 ||     3
  Use: Scroll            |     3 |     4 |     8 |     2 ||    17
       Potion            |       |       |       |     3 ||     3
 Stab: Paralysed         |       |       |     1 |       ||     1
Armor: Robe              |     6 |    36 |     2 |       ||    44
       Ring mail         |       |       |    28 |    44 ||    72
       Scale mail        |       |       |    10 |       ||    10
Dodge: Dodged            |    21 |    46 |    41 |    46 ||   154
Block: Buckler           |       |       |     4 |    12 ||    16
